 Dungeon Crawl Stone Soup version 0.28.0-43-g3370ac3207 (webtiles) character file.

Game seed: 7660158877416891433

83 Jerry the Chucker (level 4, -7/41 HPs)
             Began as a Troll Hunter on Mar 7, 2022.
             Mangled by Crazy Yiuf
             ... wielding a +4 quarterstaff of chaos
              (14 damage)
             ... on level 2 of the Dungeon.
             The game lasted 00:03:10 (1496 turns).

Jerry the Chucker (Troll Hunter)                    Turns: 1496, Time: 00:03:11

Health: -7/41      AC:  4    Str: 22    XL:     4   Next: 22%
Magic:  3/3        EV: 10    Int:  7    God:
Gold:   49         SH:  0    Dex: 10    Spells: 3/3 levels left

rFire   . . .      SeeInvis .     - Unarmed
rCold   . . .      Faith    .   (no shield)
rNeg    . . .      Spirit   .   b - +0 robe
rPois   .          Reflect  .   (helmet restricted)
rElec   .          Harm     .   (no cloak)
rCorr   .          Rampage  .   (gloves unavailable)
Will    .....                   (boots unavailable)
Stlth   +.........              (no amulet)
HPRegen 0.93/turn               (no ring)
MPRegen 0.08/turn               (no ring)

@: no status effects
A: large, unfitting armour, claws 3, regeneration 1, shaggy fur 1, tough skin 1
a: no special abilities


You were on level 2 of the Dungeon.
You visited 1 branch of the dungeon, and saw 2 of its levels.

You collected 49 gold pieces.

Inventory:

Hand Weapons
 a - a +1 dagger of electrocution
Missiles
 c - 5 large rocks (quivered)
 d - 2 throwing nets
Armour
 b - a +0 robe (worn)
Scrolls
 e - 2 scrolls of blinking {unknown}
 f - a scroll of identify {unknown}
 h - a scroll of enchant weapon {unknown}
 i - a scroll of torment {unknown}
 k - a scroll of noise {unknown}
Potions
 g - 3 potions of haste {unknown}
 j - a potion of mutation {unknown}


   Skills:
 - Level 1.5 Fighting
 + Level 4.2 Throwing
 + Level 2.4 Dodging
 - Level 0.3 Stealth
 + Level 2.1 Unarmed Combat


You had 3 spell levels left.
You didn't know any spells.
Your spell library was empty.

Dungeon Overview and Level Annotations

Branches:
Dungeon (2/15)

Altars:

Annotations:
D:2 Crazy Yiuf


Innate Abilities, Weirdness & Mutations

You are too large for most types of armour.
You have claws for hands.
Your natural rate of healing is unusually fast.
You are covered in fur. (AC +1)
You have tough skin. (AC +1)


Message History

a +0 dagger; a +0 robe An endoplasm comes into view.
You claw the endoplasm!
You kill the endoplasm!
No target in view!
No target in view!
k - a scroll labelled TAKKAWKO RIAV You now have 49 gold pieces (gained 10).
There is a stone staircase leading up here.
Found an escape hatch in the floor.
Found a mace.
Found a runed translucent door.
Crazy Yiuf shouts!
Things that are here:
a +0 club; a goblin skeleton You see here a +0 dagger.
Items here: ( ))) รทรท.
Things that are here:
a +0 club; a +0 dagger; a hobgoblin skeleton You see here a +0 spear.
You see here a +0 dagger.
You see here a +0 club.
Crazy Yiuf shouts!
Crazy Yiuf cries, "Key turtle ladder!"
You open the door. You barely miss Crazy Yiuf.
Crazy Yiuf flaps his cloak.
Crazy Yiuf hits you with a +4 quarterstaff of chaos.
You are electrocuted!
You barely miss Crazy Yiuf.
Crazy Yiuf grits, "Iron Xom rumpyflump!"
Crazy Yiuf hits you with a +4 quarterstaff of chaos.
Crazy Yiuf burns you.
You claw Crazy Yiuf!
Crazy Yiuf is moderately wounded.
Crazy Yiuf hits you with a +4 quarterstaff of chaos!
* * * LOW HITPOINT WARNING * * *
You scratch Crazy Yiuf.
Crazy Yiuf is heavily wounded.
Crazy Yiuf hits you with a +4 quarterstaff of chaos!
You die...

#####.#.#......>##.##.#..#
....>...........##.##.#..##
.#####..#.......##.##.#...#
.# #..#################.#
.# #.## #.# .# #.#
#######.## .#####.# ###
###.#......# .......##
#...##..#.......#
........##
#...g@####......#
.........# #)..### ##....##
....##.#.# ### ######
)......#.# .##.##...#
.##.####.# ..#.####.#
#........# ##.#######


You could see Crazy Yiuf.

Vanquished Creatures
  Jessica (D:2)
  Robin (D:2)
  3 dart slugs (D:1)
  3 endoplasms
  12 goblins
  7 hobgoblins
  A kobold (D:2)
  2 quokkas (D:1)
  2 ball pythons
  2 bats (D:1)
  A frilled lizard (D:1)
  A rat (D:1)
36 creatures vanquished.

Notes
Turn   | Place    | Note
-------+----------+-------------------------------------------
     0 | D:1      | Jerry the Troll Hunter began the quest for the Orb.
     0 | D:1      | Reached XP level 1. HP: 19/19 MP: 0/0
   317 | D:1      | Reached XP level 2. HP: 27/27 MP: 1/1
   436 | D:1      | Reached skill level 1 in Unarmed Combat
   893 | D:2      | Reached XP level 3. HP: 31/33 MP: 2/2
   903 | D:2      | Noticed Robin
   938 | D:2      | Reached skill level 4 in Throwing
   940 | D:2      | Killed Robin
  1088 | D:2      | Noticed Jessica
  1093 | D:2      | Killed Jessica
  1094 | D:2      | Reached XP level 4. HP: 40/41 MP: 3/3
  1286 | D:2      | Found a runed translucent door.
  1287 | D:2      | Noticed Crazy Yiuf
  1496 | D:2      | Mangled by Crazy Yiuf

Illustrated notes

Levels and vault maps discovered:
D:1:      dpeg_arrival_arbitrary_a, layout_loops_ring
D:2:      layout_loops_cross, skrybe_limestone_x, uniq_robin, uniq_jessica,
          uniq_crazy_yiuf_cottage

Skill      XL: |  1  2  3 |
---------------+----------+-----
Unarmed Combat | 1 2 |  2.1
Dodging        | 2 |  2.4
Throwing       | 4 |  4.2
Fighting       | |  1.5
Stealth        | |  0.3

Action                   |  1- 3 |  4- 6 || total
-------------------------+-------+-------++-------
Melee: Short sword       |    67 |       ||    67
       Unarmed           |    38 |     5 ||    43
       Punch             |     2 |       ||     2
 Stab: Sleeping          |     1 |       ||     1
Armor: Robe              |    30 |       ||    30
Dodge: Dodged            |    55 |       ||    55
